 Dungeon Crawl Stone Soup version 0.30-a0-4-ga7cffc901d (webtiles) character file.

Game seed: 6027373835396046780

720 Setbun the Slicer (level 8, -15/44 HPs)
             Began as a Kobold Brigand on Aug 21, 2022.
             Demolished by an ogre
             ... wielding a +0 giant spiked club
              (19 damage)
             ... on level 5 of the Dungeon.
             The game lasted 00:04:47 (3946 turns).

Setbun the Slicer (Kobold Brigand)                  Turns: 3946, Time: 00:04:47

Health: -15/44     AC: 10    Str: 12    XL:     8   Next: 2%
Magic:  17/17      EV: 18    Int: 13    God:
Gold:   1317       SH:  0    Dex: 18    Spells: 7/7 levels left

rFire   . . .      SeeInvis .    a - +2 dagger
rCold   + . .      Faith    .    (no shield)
rNeg    . . .      Spirit   .    b - +0 robe
rPois   .          Reflect  .    t - +2 helmet "Geus" {rF- MP+9 Str+4}
rElec   .          Harm     .    n - scarf {rC+ rF+}
rCorr   .          Rampage  .    y - +0 pair of gloves
Will    .....                    (no boots)
Stlth   ++++......               (no amulet)
HPRegen 0.14/turn                j - +4 ring of protection
MPRegen 0.15/turn                s - +4 ring of evasion

@: hasted, very quick
A: small, no large weapons, nightstalker 3
a: no special abilities


You were on level 5 of the Dungeon.
You visited 1 branch of the dungeon, and saw 5 of its levels.

You collected 1317 gold pieces.

Inventory:

Hand Weapons
 a - a +2 dagger (weapon)
Missiles
 d - 14 poisoned darts (quivered)
 e - 3 curare-tipped darts
Armour
 b - a +0 robe (worn)
 c - a +0 cloak
 n - a scarf of resistance (worn)
 t - the +2 helmet "Geus" (worn) {rF- MP+9 Str+4}
   (You found it on level 3 of the Dungeon)

   Str:       It affects your strength (+4).
   rF:        It makes you vulnerable to fire.
   MP:        It affects your magic capacity (+9).
 y - a +0 pair of gloves (worn)
Jewellery
 j - a +4 ring of protection (left hand)
 o - a ring of fire
 s - a +4 ring of evasion (right hand)
 w - an amulet of faith
 x - a ring of ice
Scrolls
 g - 3 scrolls of teleportation
 u - a scroll of identify
Potions
 h - a potion of ambrosia
 q - 2 potions of might
 v - a potion of flight


   Skills:
 - Level 2.1 Fighting
 * Level 11.0 Short Blades
 - Level 2.1 Throwing
 - Level 1.2 Dodging
 - Level 5.3 Stealth


You had 7 spell levels left.
You didn't know any spells.
Your spell library contained the following spells:

 Spells                   Type           Power      Damage    Failure   Level
 Freeze                   Ice            0%         1d3       30%         1
 Conjure Flame            Conj/Fire      0%         6-21      67%         3
 Frozen Ramparts          Ice            0%         1d1       67%         3
 Ignite Poison            Fire/Tmut/Pois 0%         N/A       67%         3
 Hailstorm                Conj/Ice       0%         3d3       97%         4
 Sticky Flame             Conj/Fire      0%         2d3       97%         4


Dungeon Overview and Level Annotations

Branches:
Dungeon (5/15)
 Temple: D:4-7

Altars:
Ashenzari
Gozag


Innate Abilities, Weirdness & Mutations

You are small and have problems with some larger weapons.
You are completely attuned to the shadows.


Message History

You kill the quokka!
The ogre closely misses you. The rat closely misses you.
The orc hits you but does no damage.
Items here: ††††.
You barely miss the rat. You hit the rat.
You kill the rat!
The orc barely misses you. The rat misses you. The ogre barely misses you.
Items here: †††††.
The orc barely misses you.
You hit the orc.
The orc is lightly wounded.
You barely miss the orc.
The orc is lightly wounded.
The orc hits you but does no damage.
You hit the orc. You punch the orc.
The orc is heavily wounded.
You hit the orc.
You kill the orc!
The ogre barely misses you. The rat misses you.
Items here: ) ††††††.
A rat comes into view.
You hear the slow rusting of a very distant drain.
The rat barely misses you.
You barely miss the rat. You hit the rat.
You kill the rat!
The ogre hits you with a +0 giant spiked club!!
Ouch! That really hurt!
* * * LOW HITPOINT WARNING * * *
You barely miss the ogre. You hit the ogre but do no damage. You hit the ogre.
The ogre is lightly wounded.
You barely miss the ogre.
The ogre is lightly wounded.
You hit the ogre.
The ogre is moderately wounded.
The ogre hits you with a +0 giant spiked club!!
You die...

.# ## .##.##.
.....#
##.r.##
#..O#.#
..###@## ###
.# ##.# #.#
#.# #.## #.#
#..####.#
##.#
#.#†..####.##
#.###.##.##
##..##...##
#.##....#
#.....†)#


You could see an ogre and a rat.

Vanquished Creatures
  Grinder (D:3)
  A black bear (D:4)
  An ogre (D:5)
  A phantom (D:4)
  A hound (D:4)
  3 orc wizards
  3 adders
  3 river rats (D:5)
  2 worms
  3 dart slugs (D:3)
  13 orcs
  10 ball pythons
  2 endoplasms
  3 giant cockroaches
  9 goblins
  4 hobgoblins
  6 jackals (D:3)
  10 quokkas
  4 bats
  3 frilled lizards
  6 kobolds
  11 rats
100 creatures vanquished.

Notes
Turn   | Place    | Note
-------+----------+-------------------------------------------
     0 | D:1      | Setbun the Kobold Brigand began the quest for the Orb.
     0 | D:1      | Reached XP level 1. HP: 12/12 MP: 1/1
    46 | D:1      | Reached skill level 3 in Short Blades
    51 | D:1      | Found a faded altar of an unknown god.
   250 | D:1      | Reached XP level 2. HP: 17/17 MP: 2/2
   301 | D:1      | Reached skill level 4 in Short Blades
   556 | D:2      | Reached XP level 3. HP: 21/21 MP: 3/3
   747 | D:2      | Reached skill level 5 in Short Blades
  1006 | D:2      | Reached XP level 4. HP: 26/26 MP: 4/4
  1216 | D:3      | Found an opulent altar of Gozag.
  1387 | D:3      | Found a broken altar of Ashenzari.
  1388 | D:3      | Saw a vision of the Shoals and the Snake Pit.
  1388 | D:3      | Noticed a merfolk
  1388 | D:3      | Noticed a manticore
  1388 | D:3      | Noticed a kraken
  1388 | D:3      | Noticed a salamander
  1388 | D:3      | Noticed a salamander
  1389 | D:3      | Noticed a merfolk avatar
  1389 | D:3      | Noticed a black mamba
  1391 | D:3      | Noticed a nagaraja
  1391 | D:3      | Noticed an anaconda
  1392 | D:3      | Noticed a naga
  1392 | D:3      | Noticed a merfolk impaler
  1393 | D:3      | Noticed a merfolk
  1393 | D:3      | Noticed a merfolk aquamancer
  1434 | D:3      | Reached skill level 6 in Short Blades
  1860 | D:3      | Noticed Grinder
  1864 | D:3      | Killed Grinder
  1865 | D:3      | Reached skill level 8 in Short Blades
  1865 | D:3      | Reached XP level 5. HP: 30/30 MP: 5/5
  1865 | D:3      | Reached XP level 6. HP: 35/35 MP: 6/6
  1953 | D:3      | Noticed a black mamba
  2353 | D:3      | Identified the +2 helmet "Geus" {rF- MP+9 Str+4}
  2573 | D:4      | Noticed a black bear
  2591 | D:4      | Reached skill level 9 in Short Blades
  2591 | D:4      | Reached XP level 7. HP: 34/40 MP: 7/7
  3155 | D:4      | Reached skill level 10 in Short Blades
  3795 | D:5      | Entered Level 5 of the Dungeon
  3851 | D:5      | Identified a scroll of acquirement
  3851 | D:5      | Acquired 1041 gold pieces
  3904 | D:5      | Reached skill level 11 in Short Blades
  3909 | D:5      | Reached XP level 8. HP: 29/44 MP: 8/8
  3946 | D:5      | Demolished by an ogre

Illustrated notes

Levels and vault maps discovered:
D:1:      ncdulo_lavacross, layout_rooms, hellmonk_ecumenical_altar_crossroads
D:2:      layout_basic, kennysheep_generic_room_7
D:3:      layout_basic, lemuel_crystal_altar, grunt_ashenzari_visionary
          [grunt_ashenzari_visionary_shoals, grunt_ashenzari_visionary_snake],
          hex_tiny, kennysheep_path_1, uniq_grinder
D:4:      layout_basic, columned_hall_lemuel
D:5:      lemuel_ratsnest, layout_loops_ring,
          mainiacjoe_overflow_six_doors_small, portal_sewer_entry_d,
          kennysheep_generic_room_12

Skill      XL: |  1  2  3  4  5  6  7 |
---------------+----------------------+-----
Short Blades   | 3 4 5 8 9 11 | 11.0
Fighting       | |  2.1
Throwing       | |  2.1
Dodging        | |  1.2
Stealth        | |  5.3

Action                   |  1- 3 |  4- 6 |  7- 9 || total
-------------------------+-------+-------+-------++-------
Melee: Dagger            |    50 |   128 |   174 ||   352
       Punch             |     1 |     3 |     2 ||     6
  Use: Scroll            |       |       |    11 ||    11
       Potion            |       |       |     1 ||     1
 Stab: Sleeping          |    20 |    12 |    14 ||    46
       Distracted        |       |       |     2 ||     2
Armor: Robe              |    11 |    37 |    26 ||    74
Dodge: Dodged            |    17 |    60 |   117 ||   194

Table legend: (Time is in decaauts)
 A = Elapsed time spent in this place.
 B = Non-inter-level travel time spent in this place.
 C = Inter-level travel time spent in this place.
 D = Time resting spent in this place.
 E = Time spent auto-exploring this place.
 F = Levels seen in this place.
 G = Mean time per level.
                   A        B        C        D        E       F      G
               +--------+--------+--------+--------+--------+-----+--------+
         Total |   3786 |   3658 |    128 |    400 |   2624 |   5 |  757.2 |
       Dungeon |   3786 |   3658 |    128 |    400 |   2624 |   5 |  757.2 |
               +--------+--------+--------+--------+--------+-----+--------+

Top non-repeatable levels by time:
     D:4: 1248 daAuts
     D:3: 1246 daAuts
     D:2: 712 daAuts
     D:1: 475 daAuts
     D:5: 104 daAuts
